Map: Eternal Empire LE

Players

Silky - Winner!

  • Race: Zerg Zerg
  • Spawn Location: 1:00

DisK

  • Race: Protoss Protoss
  • League: Master
  • Spawn Location: 7:00

Event: DreamHack SC2 Masters 2020 Summer North America

VOD

Have the link to the VOD?

Description

Time

  • Played on: July 5, 2020, 3 p.m.
  • Length: 16:36

All games in this series

Show
View Real Time Build Order
Export as new Build Order

Silky Zerg - Winner!

Build Orders: Pool First, Brood Lord Corruptor 

Get SALT Encoding   

  12  0:00  Drone  
  13  0:12  Overlord  
  13  0:17  Drone  
  14  0:30  Drone  
  14  0:31  Drone  
  16  0:40  Spawning Pool  
  15  0:44  Drone  
  15  0:48  Drone  
  17  1:09  Hatchery  
  16  1:27  Zergling x2  
  16  1:28  Zergling x4  
  19  1:36  Queen  
  21  1:43  Overlord  
  21  1:50  Drone  
  22  2:10  Drone  
  23  2:16  Drone  
  24  2:23  Queen  
  24  2:25  Drone x2  
  28  2:33  Hatchery  
  27  2:39  Drone  
  27  2:40  Drone  
  27  2:43  Drone  
  29  2:47  Drone x2  
  29  2:51  Drone  
  31  2:57  Overlord  
  32  2:58  Zergling x2  
  32  3:02  Drone  
  33  3:06  Queen  
  33  3:10  Drone  
  33  3:12  Extractor  
  35  3:13  Extractor  
  35  3:15  Overlord  
  35  3:18  Drone  
  35  3:20  Drone  
  35  3:22  Drone  
  35  3:25  Drone  
  38  3:29  Overlord  
  38  3:32  Drone x2  
  40  3:36  Drone  
  40  3:38  Overlord  
  40  3:40  Drone  
  42  3:45  Drone  
  42  3:48  Drone x2  
  43  3:56  Spore Crawler  
  43  3:57  Drone x2  
  43  3:58  Drone  
  43  3:59  Metabolic Boost  
  46  4:03  Drone  
  46  4:04  Drone  
  46  4:08  Drone x2  
  50  4:12  Drone x2  
  50  4:16  Queen  
  54  4:18  Spore Crawler  
  54  4:22  Spore Crawler  
  54  4:23  Spore Crawler  
  51  4:25  Drone  
  52  4:31  Drone  
  52  4:32  Drone  
  52  4:33  Drone  
  52  4:37  Drone x5  
  60  4:38  Drone  
  60  4:40  Drone  
  60  4:44  Roach Warren  
  61  4:47  Overlord  
  60  4:57  Lair  
  60  5:05  Queen  
  60  5:06  Drone x3  
  65  5:12  Overlord x2  
  65  5:20  Extractor  
  64  5:22  Extractor  
  64  5:24  Evolution Chamber  
  64  5:25  Zergling x4  
  64  5:26  Zergling x2  
  64  5:28  Overlord  
  65  5:32  Zergling x2  
  65  5:33  Zergling x10  
  65  5:35  Queen  
  73  5:37  Hatchery  
  73  5:38  Drone  
  73  5:39  Drone x3  
  73  5:40  Drone  
  77  5:43  Baneling Nest  
  77  5:45  Drone  
  77  5:49  Zergling x2  
  79  5:50  Zergling x2  
  79  5:55  Zergling x2  
  79  5:56  Zerg Melee Weapons Level 1  
  77  5:57  Glial Reconstitution  
  77  5:58  Drone x3  
  77  5:59  Drone  
  81  6:07  Overlord  
  81  6:08  Roach  
  81  6:09  Drone x3  
  86  6:13  Extractor x2  
  86  6:17  Drone x4  
  88  6:19  Drone  
  88  6:20  Spire  
  88  6:21  Drone  
  89  6:25  Pneumatized Carapace  
  89  6:26  Drone  
  89  6:27  Centrifical Hooks  
  89  6:31  Drone x2  
  92  6:43  Overlord  
  92  6:45  Overlord x2  
  92  6:50  Drone x3  
  92  6:51  Drone x7  
  92  6:54  Spore Crawler  
  101  6:55  Overlord  
  101  7:04  Drone x2, Queen  
  101  7:05  Drone  
  101  7:06  Overlord  
  106  7:08  Overlord  
  106  7:09  Hatchery  
  106  7:13  Roach x3  
  111  7:15  Overseer  
  111  7:17  Roach x2  
  111  7:20  Drone x2  
  117  7:25  Overlord  
  117  7:26  Roach x3  
  117  7:29  Roach x2  
  129  7:30  Roach  
  129  7:31  Roach  
  129  7:34  Roach x2  
  129  7:35  Baneling x4  
  135  7:38  Roach  
  135  7:39  Roach  
  135  7:42  Overseer  
  135  7:43  Zerg Flyer Weapons Level 1  
  139  7:46  Drone x4  
  139  7:48  Roach x2  
  139  7:49  Unknown  
  146  7:52  Zerg Melee Weapons Level 2  
  146  7:53  Overlord  
  146  7:55  Overlord  
  146  7:58  Overlord  
  146  8:01  Baneling x4  
  146  8:02  Zergling x12  
  152  8:06  Overlord x2  
  152  8:07  Overlord  
  152  8:13  Zergling x10  
  152  8:18  Zergling x8  
  159  8:26  Overlord  
  151  8:27  Corruptor x4  
  151  8:29  Corruptor  
  151  8:32  Drone x3  
  164  8:36  Ravager x8  
  164  8:39  Zergling x8  
  176  8:43  Corruptor  
  178  8:48  Infestation Pit  
  178  8:49  Overseer  
  178  8:51  Zergling x8  
  178  8:52  Zergling x6  
  178  8:55  Spine Crawler  
  183  8:57  Baneling x8  
  183  9:01  Zergling x2  
  183  9:02  Zergling x8  
  188  9:08  Overlord  
  188  9:10  Baneling  
  188  9:11  Baneling x12  
  188  9:13  Zergling x2  
  188  9:14  Zergling x10  
  193  9:18  Zergling x10  
  193  9:19  Zergling x2  
  193  9:21  Baneling x5  
  199  9:24  Overlord x2  
  198  9:31  Corruptor  
  190  9:52  Zergling x12  
  188  9:53  Zergling x24  
  188  9:57  Hive  
  196  10:01  Overlord  
  196  10:02  Corruptor x2  
  193  10:07  Zergling x14  
  193  10:09  Baneling  
  193  10:10  Baneling x18  
  200  10:20  Baneling  
  200  10:21  Baneling x15  
  200  10:30  Baneling  
  200  10:31  Baneling x8  
  200  10:38  Hatchery, Spine Crawler  
  200  10:39  Spine Crawler  
  197  10:45  Hatchery  
  190  10:51  Zergling x2  
  190  10:52  Zergling x22  
  190  10:53  Overseer  
  188  11:13  Zergling x32  
  188  11:16  Zergling x12  
  192  11:21  Adrenal Glands  
  192  11:22  Greater Spire  
  169  11:33  Zergling x16  
  169  11:37  Zergling x8  
  164  11:43  Zergling x2  
  152  11:48  Drone x3  
  152  11:49  Drone  
  152  11:52  Roach  
  152  11:53  Queen x2  
  134  12:01  Drone x2  
  134  12:02  Drone x3  
  139  12:09  Roach x3  
  139  12:14  Roach x2  
  149  12:19  Zerg Melee Weapons Level 3  
  149  12:23  Evolution Chamber  
  149  12:26  Corruptor x3  
  149  12:27  Corruptor  
  156  12:42  Ravager x3  
  156  12:43  Ravager x3  
  162  12:51  Zerg Flyer Weapons Level 2  
  161  13:06  Brood Lord x2  
  161  13:07  Brood Lord  
  161  13:09  Zerg Ground Armor Level 1  
  161  13:10  Brood Lord  
  161  13:12  Overseer, Drone x3, Extractor, Spine Crawler x2  
  171  13:13  Extractor, Spine Crawler  
  171  13:14  Brood Lord x5, Spine Crawler  
  171  13:16  Zergling x46  
  199  13:24  Pathogen Glands  
  199  13:30  Baneling x8  
  199  13:32  Baneling x2  
  199  13:43  Baneling x11  
  199  13:50  Overseer  
  199  13:55  Spine Crawler x2  
  196  13:56  Spine Crawler  
  175  14:14  Zergling x70  
  183  14:36  Roach x2, Zergling x28  
  197  14:41  Overlord x2  
  179  14:51  Drone x5  
  173  14:57  Roach x4  
  173  14:58  Roach x4, Zergling x2  
  190  15:05  Baneling x25  
  190  15:06  Baneling x9  
  190  15:15  Zergling x2  
  190  15:16  Roach, Zergling x14  
  190  15:18  Baneling x5  
  168  15:38  Zergling x38  
  161  15:46  Zergling x2  
  161  15:47  Zergling x12  
  161  15:54  Viper  
  161  15:55  Viper x2  
  169  16:04  Zergling x16  
  160  16:13  Roach x5  
  164  16:30  Hatchery  
Show
View Real Time Build Order
Export as new Build Order

DisK Protoss 

Build Orders: 1 Gate Expand, Phoenix Opening 

Get SALT Encoding   

  12  0:00  Probe  
  13  0:12  Probe  
  14  0:18  Pylon  
  14  0:24  Probe  
  15  0:32  Probe  
  15  0:40  Probe  
  16  0:43  Gateway  
  16  0:47  Assimilator  
  17  0:51  Probe  
  18  1:03  Probe  
  19  1:15  Probe  
  20  1:20  Pylon  
  20  1:26  Pylon  
  20  1:36  Nexus  
  20  1:42  Cybernetics Core  
  20  1:45  Probe  
  21  1:48  Assimilator  
  21  1:56  Pylon  
  21  1:59  Probe  
  22  2:07  Pylon  
  22  2:11  Adept, Probe  
  24  2:29  Warp Gate  
  24  2:33  Stargate  
  24  2:40  Probe  
  23  2:46  Probe  
  23  2:50  Probe  
  24  2:55  Adept  
  24  2:56  Probe  
  28  3:06  Probe  
  28  3:11  Probe  
  30  3:18  Probe  
  31  3:20  Phoenix  
  31  3:24  Probe  
  34  3:33  Probe  
  35  3:36  Probe  
  36  3:44  Adept  
  36  3:45  Probe  
  36  3:47  Probe  
  39  3:49  Gateway  
  40  3:55  Probe  
  40  3:57  Probe  
  40  4:00  Oracle  
  43  4:05  Probe  
  43  4:06  Pylon  
  43  4:09  Probe  
  45  4:15  Probe  
  46  4:24  Probe  
  46  4:27  Adept  
  49  4:34  Nexus  
  49  4:36  Pylon  
  49  4:38  Probe x2  
  49  4:44  Oracle  
  54  4:52  Assimilator x2  
  54  4:54  Probe  
  54  4:55  Shield Battery  
  55  5:00  Pylon, Probe  
  56  5:08  Probe  
  57  5:14  Probe  
  57  5:20  Probe  
  58  5:22  Probe, Robotics Facility  
  58  5:23  Pylon  
  58  5:28  Probe  
  60  5:29  Twilight Council  
  60  5:30  Forge, Probe  
  60  5:32  Sentry x2  
  66  5:37  Pylon  
  66  5:41  Probe x2  
  68  5:51  Probe  
  68  5:54  Probe  
  69  5:57  Probe  
  69  5:59  Probe  
  69  6:02  Probe  
  72  6:08  Probe  
  72  6:09  Probe  
  72  6:10  Gateway, Protoss Ground Weapons Level 1  
  71  6:11  Gateway  
  71  6:12  Blink, Probe  
  71  6:13  Observer  
  71  6:17  Robotics Bay  
  74  6:21  Probe x2  
  74  6:25  Probe  
  76  6:26  Gateway  
  76  6:28  Pylon  
  77  6:33  Assimilator, Probe  
  77  6:34  Assimilator, Probe  
  77  6:35  Zealot  
  77  6:39  Zealot  
  81  6:49  Gateway  
  81  6:53  Gateway  
  81  6:55  Pylon  
  81  7:00  Photon Cannon  
  81  7:01  Photon Cannon  
  81  7:03  Photon Cannon, Pylon  
  81  7:09  Shield Battery  
  81  7:10  Shield Battery  
  81  7:11  Sentry x2, Shield Battery  
  81  7:12  Sentry  
  87  7:17  Phoenix  
  87  7:21  Stalker  
  87  7:22  Stalker  
  93  7:27  Colossus  
  93  7:34  Stalker  
  93  7:35  Stalker  
  97  7:40  Observer  
  97  7:44  Stalker x3  
  105  7:49  Probe  
  110  7:54  Robotics Facility  
  110  7:56  Pylon  
  110  7:58  Pylon  
  110  7:59  Extended Thermal Lance  
  110  8:05  Stalker x2  
  113  8:06  Sentry  
  113  8:07  Sentry  
  109  8:29  Probe x2  
  109  8:30  Protoss Ground Weapons Level 2  
  109  8:33  Probe  
  112  8:37  Colossus, Probe  
  112  8:41  Charge  
  119  8:43  Gateway  
  119  8:46  Probe  
  119  8:49  Probe  
  119  8:50  Colossus  
  127  8:56  Zealot x3  
  127  8:58  Probe  
  127  8:59  Probe  
  135  9:09  Nexus  
  135  9:10  Templar Archives  
  135  9:17  Pylon  
  135  9:18  Photon Cannon  
  135  9:20  Pylon  
  135  9:32  Stalker x3  
  128  9:54  Stalker x4  
  128  9:55  Stalker  
  130  10:00  Disruptor x2  
  130  10:03  Stalker x2  
  130  10:08  Zealot  
  135  10:24  Nexus, Zealot x3  
  141  10:28  Pylon x2  
  141  10:30  Pylon x2  
  141  10:37  Psionic Storm  
  141  10:40  Pylon  
  141  10:46  Warp Prism  
  141  10:48  Pylon  
  141  10:49  Pylon  
  143  10:54  Zealot x7  
  147  11:12  Nexus  
  141  11:21  Zealot x7  
  141  11:32  Zealot  
  103  11:42  Zealot x3  
  103  11:43  Zealot x3  
  107  11:55  Colossus x2  
  107  11:56  Pylon  
  107  11:57  Nexus  
  107  11:58  High Templar x2  
  97  12:07  High Templar x3  
  115  12:10  High Templar x2  
  115  12:11  High Templar  
  121  12:18  Archon  
  121  12:20  Probe x2  
  123  12:34  Pylon  
  123  12:36  Stalker x2  
  127  12:52  High Templar x4  
  127  12:53  Warp Prism, Zealot x2  
  127  12:58  Observer, Archon x2  
  137  13:00  Nexus  
  137  13:03  Pylon  
  140  13:14  Stalker x4  
  148  13:27  Shield Battery  
  148  13:31  Shield Battery  
  148  13:32  High Templar x2  
  152  13:34  Pylon  
  152  13:36  Archon  
  152  13:42  Stalker x3  
  155  14:02  Stalker x3  
  154  14:14  Archon  
  154  14:15  Archon  
  130  14:17  Stalker  
  130  14:18  Stalker x4  
  140  14:26  Zealot x3  
  142  14:45  Nexus  
  122  14:52  Zealot x4  
  116  14:53  Zealot  
  119  15:00  High Templar  
  119  15:01  High Templar x2  
  125  15:10  Nexus  
  125  15:11  High Templar x3  
  125  15:14  Pylon  
  131  15:15  Archon x2  
  131  15:16  Stalker x2  
  131  15:17  Archon  
  129  15:32  Zealot  
  105  15:44  Stalker x7  
  106  15:56  Stalker  
  98  16:13  High Templar  
  98  16:14  High Templar x2  
  98  16:16  Zealot x4  
  98  16:18  Archon  
  112  16:23  Nexus  
  112  16:24  Zealot  
Tags
 
Add a new tag
Caveats
  • Supply blocks, unpowered buildings, or Contaminate may cause inaccurate times.
  • Supply counts are checked every 10 seconds.